 Dungeon Crawl Stone Soup version 0.28.0-53-g5a82cb258f (webtiles) character file.

Game seed: 17930745538465989196

6923 Sanktem7 the Fighter (level 10, -3/101 HPs)
             Began as a Minotaur Berserker on July 1, 2022.
             Was an Elder of Trog.
             Slain by a polar bear (21 damage)
             ... on level 10 of the Dungeon.
             The game lasted 00:20:53 (10160 turns).

Sanktem7 the Fighter (Minotaur Berserker)          Turns: 10160, Time: 00:20:53

Health: -3/101     AC: 16    Str: 27    XL:     10   Next: 80%
Magic:  9/9        EV:  9    Int:  4    God:    Trog [****..]
Gold:   387        SH:  0    Dex:  9    Spells: 9/9 levels left

rFire   + . .      SeeInvis .   u - +3 war axe (elec) {axe}
rCold   + + .      Faith    .   (no shield)
rNeg    . . .      Spirit   .   o - +4 chain mail {rC+}
rPois   +          Reflect  .   (helmet restricted)
rElec   .          Harm     .   i - scarf {rC+ rF+}
rCorr   .          Rampage  .   (no gloves)
Will    .....                   (no boots)
Stlth   ..........              B - amulet of regeneration {@e2}
HPRegen 1.06/turn               q - +4 ring of protection
MPRegen 0.11/turn               p - ring of poison resistance

@: on berserk cooldown, slowed, very slow
A: horns 2, retaliatory headbutt
a: Renounce Religion, Berserk, Trog's Hand, Brothers in Arms


You were on level 10 of the Dungeon.
You worshipped Trog.
Trog was greatly pleased with you.
You visited 1 branch of the dungeon, and saw 10 of its levels.

You collected 387 gold pieces.


Innate Abilities, Weirdness & Mutations

You have a pair of horns on your head.
You reflexively headbutt those who attack you in melee.


   Skills:
 * Level 13.5 Fighting
 * Level 13.5 Axes
 + Level 5.7 Throwing
 - Level 2.4 Armour
 - Level 2.1 Dodging


You had 9 spell levels left.
You didn't know any spells.
Your spell library contained the following spells:

 Spells                   Type           Power      Damage    Failure   Level
 Corpse Rot               Necr/Air       0%         N/A       99%         2
 Ensorcelled Hibernation  Hex/Ice        0%         N/A       99%         2
 Passwall                 Tmut/Erth      0%         N/A       99%         2
 Sublimation of Blood     Necr           0%         N/A       99%         2
 Wereblood                Tmut           0%         N/A       99%         2
 Spider Form              Tmut/Pois      0%         N/A       100%        3
 Swiftness                Air            0%         N/A       100%        3
 Anguish                  Hex/Necr       0%         N/A       100%        4
 Dispel Undead            Necr           0%         3d6       100%        4
 Death Channel            Necr           0%         N/A       100%        6
 Summon Hydra             Summ           0%         N/A       100%        7

Inventory:

Hand Weapons
 u - a +3 war axe of electrocution (weapon) {axe}
   (You took it off an orc priest on level 3 of the Dungeon)
 D - a +1 flail of freezing {mace}
   (You took it off Edmund on level 5 of the Dungeon)
Missiles
 f - 33 poisoned darts (quivered) {throwing}
 h - 46 arrows
 l - 182 stones {throwing}
 s - 2 javelins {throwing}
 x - 37 bolts
 F - 2 atropa-tipped darts {throwing}
 G - a throwing net {=f!fthrowing}
Armour
 a - a +2 chain mail of fire resistance
   (You took it off an orc on level 3 of the Dungeon)
 i - a scarf of resistance (worn)
   (You found it on level 1 of the Dungeon)
 o - a +4 chain mail of cold resistance (worn)
   (You took it off Terence on level 2 of the Dungeon)
 E - the +1 scale mail "Ongeh" {Int+3}
   (You found it on level 5 of the Dungeon)

   Int:       It affects your intelligence (+3).
Jewellery
 p - a ring of poison resistance (right hand)
   (You found it on level 7 of the Dungeon)
 q - a +4 ring of protection (left hand)
   (You found it on level 2 of the Dungeon)
 B - an amulet of regeneration (around neck) {@e2}
   (You found it on level 5 of the Dungeon)
Wands
 d - a wand of polymorph (4)
   (You found it on level 7 of the Dungeon)
 e - a wand of mindburst (12)
   (You found it on level 7 of the Dungeon)
 g - a wand of iceblast (4)
   (You found it on level 3 of the Dungeon)
 A - a wand of acid (4)
   (You took it off Ijyb on level 5 of the Dungeon)
 I - a wand of paralysis (4)
   (You found it on level 9 of the Dungeon)
Scrolls
 b - 3 scrolls of vulnerability {!r!r}
 m - 5 scrolls of teleportation {@r4}
 n - 3 scrolls of immolation {!r!r}
 C - a scroll of fog
Potions
 c - 3 potions of curing {@q1}
 j - 3 potions of haste {@q3}
 k - 3 potions of attraction {!q}
 r - a potion of degeneration {!q@e2}
 t - a potion of berserk rage {!q}
 v - 2 potions of brilliance
 w - a potion of lignification {unknown}
 H - a potion of might {unknown}

Dungeon Overview and Level Annotations

Branches:
Dungeon (10/15)            Temple (0/1) D:4
   Lair: D:8-11         Orc: D:9-12

Altars:
Cheibriados
Elyvilon
Fedhas
Gozag
Nemelex Xobeh
Qazlal
Sif Muna
Vehumet
Wu Jian
Xom
Yredelemnul
Zin

Shops:
D:8

*=[**= #.
......... #.
#........
#.##.......
#.....∩..##
#.........
#.......
#....h#
#...@.###+#
#...........
#...........
#<.......##.
#..........
#...........
#.##........
#.......###+
#.. ....#


You could see a polar bear (berserk).


Message History

The polar bear claws you but does no damage.
The polar bear completely misses you.
The polar bear bites you but does no damage.
The polar bear claws you but does no damage. x2
The centaur warrior simulacrum hits you!
The centaur warrior simulacrum freezes you!
You resist.
The centaur warrior simulacrum kicks you but does no damage. 😕 HP[-14]
You take 14 damage, and now have 87/101 hp.
You hit the polar bear. Your headbutt misses the polar bear.
You slash the centaur warrior simulacrum!
The centaur warrior simulacrum hits you.
The centaur warrior simulacrum freezes you!
You resist.
The centaur warrior simulacrum barely misses you.
The polar bear barely misses you.
The polar bear claws you but does no damage. x2 😕 HP[-9]
You take 9 damage, and now have 78/101 hp.
You closely miss the polar bear.
You headbutt the polar bear, but do no damage.
You hit the centaur warrior simulacrum.
The centaur warrior simulacrum closely misses you.
The centaur warrior simulacrum kicks you.
The centaur warrior simulacrum freezes you!
You resist.
The polar bear bites you but does no damage.
The polar bear claws you but does no damage. x2
The centaur warrior simulacrum barely misses you.
You furiously retaliate!
You headbutt the centaur warrior simulacrum!
Trog accepts your kill. 😮 HP[-9]
You take 9 damage, and now have 69/101 hp.
You barely miss the polar bear. You headbutt the polar bear.
The polar bear bites you but does no damage.
The polar bear claws you but does no damage.
The polar bear completely misses you. 😮 HP[+1]
You barely miss the polar bear. You headbutt the polar bear!
The polar bear bites you!
The polar bear claws you but does no damage. x2
The polar bear bites you but does no damage.
The polar bear claws you but does no damage.
The polar bear barely misses you. 😮 HP[-5]
You take 5 damage, and now have 65/101 hp.
You barely miss the polar bear. The polar bear bites you!
The polar bear claws you but does no damage.
The polar bear closely misses you. 😮 HP[-12]
You take 12 damage, and now have 53/101 hp.
You slash the polar bear! Your headbutt misses the polar bear.
The polar bear bites you.
* * * LOW HITPOINT WARNING * * *
The polar bear claws you but does no damage.
The polar bear claws you.
* * * LOW HITPOINT WARNING * * *
😨 HP[-8]
You take 8 damage, and now have 45/101 hp.
You barely miss the polar bear. You headbutt the polar bear!
The polar bear bites you but does no damage.
The polar bear claws you but does no damage. x2 😨 HP[+1]
You barely miss the polar bear. You headbutt the polar bear!
The polar bear goes berserk!
The polar bear barely misses you.
The polar bear claws you but does no damage. x2 😨 HP[+2]
You regained 2 hp, and now have 48/101 hp.
You hit the polar bear. The polar bear bites you.
* * * LOW HITPOINT WARNING * * *
The polar bear claws you.
* * * LOW HITPOINT WARNING * * *
The polar bear claws you but does no damage. 😨 HP[-7]
You take 7 damage, and now have 41/101 hp.
You hit the polar bear but do no damage.
The polar bear bites you but does no damage.
The polar bear claws you.
* * * LOW HITPOINT WARNING * * *
The polar bear claws you but does no damage.
The polar bear bites you!
* * * LOW HITPOINT WARNING * * *
The polar bear claws you but does no damage. x2 😨 HP[-11]
You take 11 damage, and now have 30/101 hp.
You hit the polar bear but do no damage.
Your headbutt misses the polar bear. The polar bear bites you!
* * * LOW HITPOINT WARNING * * *
The polar bear claws you but does no damage.
The polar bear closely misses you.
The polar bear bites you but does no damage.
The polar bear claws you but does no damage. x2 😱 HP[-13]
You take 13 damage, and now have 17/101 hp.
You hit the polar bear but do no damage.
The polar bear bites you!!
You die...

Skill      XL: |  1  2  3  4  5  6  7  8  9 10 |
---------------+-------------------------------+-----
Fighting       | 4 5 6 7 8 10 12 13 | 13.5
Axes           | 4 5 6 7 8 10 12 13 | 13.5
Throwing       | 2 4 5 |  5.7
Armour         | |  2.4
Dodging        | |  2.1

Action                   |  1- 3 |  4- 6 |  7- 9 | 10-12 || total
-------------------------+-------+-------+-------+-------++-------
Melee: Hand axe          |    63 |    53 |       |       ||   116
       Headbutt          |     6 |    18 |    27 |    21 ||    72
       War axe           |       |    53 |   177 |   119 ||   349
       Punch             |       |       |     1 |     1 ||     2
       Flail             |       |       |       |     6 ||     6
  Use: Potion            |       |       |     9 |     1 ||    10
       Scroll            |       |       |     8 |     3 ||    11
Armor: Animal skin       |    12 |       |       |       ||    12
       Chain mail        |       |    69 |   101 |    99 ||   269
Dodge: Dodged            |    38 |    32 |    61 |    57 ||   188

Levels and vault maps discovered:
D:1:      evilmike_arrival_crescent, layout_basic
D:2:      layout_loops_ring, basic_ecumenical_altar, uniq_terence
D:3:      layout_basic
D:4:      layout_layer_cave, nicolae_overflow_hidden_temple,
          minmay_temple_entry_overgrown, minmay_surrounded, uniq_menkaure
D:5:      layout_loops_ring, mainiacjoe_overflow_concentric_impassable,
          minitemple, uniq_edmund, uniq_ijyb, uniq_blork_the_orc
D:6:      layout_cave_pools, mainiacjoe_overflow_tiny_flanked,
          corexii_hall_statues_i
D:7:      layout_loops_ring, mainiacjoe_overflow_alcove_2,
          kennysheep_cross_room, uniq_pikel
D:8:      layout_loops_ring, grunt_temple_overflow_diamond,
          nicolae_qazlal_eye_of_the_storm, nicolae_wooded_promenade
D:9:      layout_loops_corners
D:10:     lemuel_ogre_cave, layout_stronghold, grunt_lair_entry_orc_guard_hut,
          orc_0_dummy, serial_ice, serial_ice_b, serial_ice_c, serial_ice_a,
          serial_ice_o, serial_ice_g, serial_ice_l, minmay_misc_feat_columns

Notes
Turn   | Place    | Note
-------+----------+-------------------------------------------
     0 | D:1      | Sanktem7 the Minotaur Berserker began the quest for the
                  | Orb.
     0 | D:1      | Reached XP level 1. HP: 19/19 MP: 0/0
     0 | D:1      | magus.rc [v1.9.6]
   344 | D:1      | Reached skill level 4 in Fighting
   344 | D:1      | Reached skill level 4 in Axes
   344 | D:1      | Reached XP level 2. HP: 13/27 MP: 1/1
  1176 | D:1      | Reached XP level 3. HP: 34/34 MP: 2/2
  1554 | D:2      | Found a faded altar of an unknown god.
  2118 | D:2      | Noticed Terence
  2128 | D:2      | HP: 8/34 [Terence/+0 flail (4)]
  2130 | D:2      | Killed Terence
  2131 | D:2      | Reached skill level 5 in Fighting
  2131 | D:2      | Reached skill level 5 in Axes
  2131 | D:2      | Reached XP level 4. HP: 11/42 MP: 3/3
  2842 | D:3      | Reached ** piety under Trog
  2851 | D:3      | HP: 2/42 [orc priest/divine providence (17)]
  2868 | D:3      | HP: 2/42 [orc/+0 mace (2)]
  3167 | D:2      | Reached XP level 5. HP: 25/49 MP: 4/4
  3564 | D:3      | Reached skill level 6 in Fighting
  3564 | D:3      | Reached skill level 6 in Axes
  3595 | D:3      | HP: 12/50 [gnoll/+0 spear (5)]
  3600 | D:3      | HP: 11/50 [gnoll/+0 spear (2)]
  3880 | D:3      | You pick up a book of Blood {forbidden} and begin
                  | reading...
  3880 | D:3      | You add the spells Sublimation of Blood, Wereblood and
                  | Summon Hydra to your library.
  3941 | D:3      | Reached XP level 6. HP: 58/58 MP: 5/5
  4175 | D:4      | Found a staircase to the Ecumenical Temple.
  4296 | D:4      | Reached skill level 7 in Axes
  4329 | D:4      | Reached skill level 7 in Fighting
  4357 | D:4      | You pick up a book of Burglary {forbidden} and begin
                  | reading...
  4357 | D:4      | You add the spells Passwall, Ensorcelled Hibernation and
                  | Swiftness to your library.
  4400 | D:4      | Noticed Menkaure
  4407 | D:4      | Killed Menkaure
  4408 | D:4      | Reached XP level 7. HP: 60/66 MP: 6/6
  4684 | D:4      | Found a snail-covered altar of Cheibriados.
  5443 | D:5      | Entered Level 5 of the Dungeon
  5500 | D:5      | You pick up a book of Dreams {forbidden} and begin
                  | reading...
  5500 | D:5      | You add the spells Spider Form and Anguish to your library.
  5529 | D:5      | Noticed Ijyb
  5533 | D:5      | Killed Ijyb
  5534 | D:5      | Reached skill level 8 in Axes
  5535 | D:5      | Reached skill level 8 in Fighting
  5639 | D:5      | Found a shimmering blue altar of Sif Muna.
  5639 | D:5      | Noticed Edmund
  5645 | D:5      | Killed Edmund
  5646 | D:5      | Reached XP level 8. HP: 59/77 MP: 7/7
  5804 | D:5      | Found an opulent altar of Gozag.
  5804 | D:5      | Found a radiant altar of Vehumet.
  5808 | D:5      | Found a basalt altar of Yredelemnul.
  5917 | D:5      | Reached *** piety under Trog
  5918 | D:5      | Reached skill level 9 in Fighting
  5918 | D:5      | Reached skill level 9 in Axes
  5994 | D:5      | Identified the +1 scale mail "Ongeh" {Int+3}
  6000 | D:5      | Found a sparkling altar of Nemelex Xobeh.
  6204 | D:5      | Noticed Blork the orc
  6211 | D:5      | Killed Blork the orc
  6245 | D:5      | You pick up a book of Decay {forbidden} and begin
                  | reading...
  6245 | D:5      | You add the spells Corpse Rot, Dispel Undead and Death
                  | Channel to your library.
  6774 | D:6      | Reached skill level 1 in Throwing
  7017 | D:6      | Found a blossoming altar of Fedhas.
  7070 | D:6      | Reached skill level 10 in Fighting
  7070 | D:6      | Reached skill level 10 in Axes
  7120 | D:7      | Noticed a two-headed ogre
  7172 | D:7      | Killed a two-headed ogre
  7173 | D:7      | Reached skill level 2 in Throwing
  7173 | D:7      | Reached XP level 9. HP: 24/86 MP: 8/8
  7387 | D:7      | Reached skill level 3 in Throwing
  7470 | D:7      | Reached skill level 11 in Fighting
  7470 | D:7      | Reached skill level 11 in Axes
  7643 | D:7      | Noticed Pikel
  7653 | D:7      | Killed Pikel
  7795 | D:7      | Reached skill level 4 in Throwing
  7996 | D:7      | Reached skill level 12 in Axes
  8067 | D:7      | Found a glowing silver altar of Zin.
  8208 | D:8      | Found Juadafu's Antique Armour Emporium.
  8209 | D:8      | Found Sifap's Jewellery Shoppe.
  8211 | D:8      | Found Puynwol's Jewellery Shop.
  8211 | D:8      | Found Miuroank's Assorted Antiques.
  8212 | D:8      | Found Jotem's Assorted Antiques.
  8212 | D:8      | Found Jouseb's Assorted Antiques.
  8222 | D:8      | Reached skill level 12 in Fighting
  8374 | D:8      | Noticed a two-headed ogre
  8382 | D:8      | Noticed a five-headed hydra
  8384 | D:8      | Killed a two-headed ogre
  8385 | D:8      | Reached XP level 10. HP: 47/97 MP: 9/9
  8439 | D:8      | HP: 19/97 [five-headed hydra (7)]
  8440 | D:8      | Killed a five-headed hydra
  8569 | D:8      | Found a stormy altar of Qazlal.
  8828 | D:8      | Reached **** piety under Trog
  8857 | D:8      | Reached skill level 5 in Throwing
  9099 | D:8      | Found a white marble altar of Elyvilon.
  9102 | D:8      | Found an ornate altar of the Wu Jian Council.
  9102 | D:8      | Found a shimmering altar of Xom.
  9197 | D:9      | Reached skill level 13 in Axes
  9202 | D:9      | Reached skill level 13 in Fighting
 10144 | D:10     | Entered Level 10 of the Dungeon
 10159 | D:10     | HP: 17/101 [polar bear (15)]
 10160 | D:10     | Slain by a polar bear

Vanquished Creatures
  A hydra (D:8)
  2 two-headed ogres
  Pikel (D:7)
  A shadow (D:9)
  A centaur simulacrum (D:10)
  2 steam dragons
  Menkaure (D:4)
  Edmund (D:5)
  3 water moccasins
  An orc warrior (D:9)
  3 ice beasts
  2 necrophages
  2 black bears
  A centaur (D:8)
  3 ogres
  A lemure (D:7)
  2 kobold brigands (D:9)
  2 bullfrogs
  Blork the orc (D:5)
  4 scorpions
  5 killer bees (D:9)
  11 wights
  2 electric eels
  4 howler monkeys
  2 centaur zombies
  A jelly (D:6)
  2 hounds (D:4)
  7 orc priests
  A bullfrog skeleton (D:7)
  A centaur skeleton (D:7)
  3 iguanas
  Ijyb (D:5)
  Terence (D:2)
  6 orc wizards
  A hound zombie (D:5)
  4 howler monkey zombies
  A howler monkey skeleton (D:6)
  9 gnolls
  6 adders
  2 shadow imps (D:6)
  3 ufetubi (D:5)
  An adder skeleton (D:4)
  A worm (D:2)
  2 dart slugs
  21 orcs
  9 ball pythons
  4 bats
  5 endoplasms
  3 giant cockroaches
  5 goblins
  4 hobgoblins
  19 kobolds
  5 quokkas
  2 frilled lizards
  4 rats
193 creatures vanquished.

Table legend:
 A = Non-vault XP
 B = Vault XP
 C = Vault XP percentage of total XP
 D = Non-vault monster count
 E = Vault monster count
 F = Vault count percentage of total count
                 A         B        C        D         E       F
            +---------+---------+-------+---------+---------+-------
      Total |    8377 |    1514 |  15.3 |     182 |      10 |   5.2
            +---------+---------+-------+---------+---------+-------
        D:1 |      45 |       0 |   0.0 |      19 |       0 |   0.0
        D:2 |     135 |      36 |  21.1 |      18 |       1 |   5.3
        D:3 |     240 |       0 |   0.0 |      23 |       0 |   0.0
        D:4 |     286 |     286 |  50.0 |      18 |       4 |  18.2
        D:5 |     588 |     285 |  32.6 |      10 |       3 |  23.1
        D:6 |     535 |       0 |   0.0 |      13 |       0 |   0.0
        D:7 |    2203 |     685 |  23.7 |      17 |       1 |   5.6
        D:8 |    2532 |       0 |   0.0 |      26 |       0 |   0.0
        D:9 |    1813 |       0 |   0.0 |      38 |       0 |   0.0
       D:10 |       0 |     222 | 100.0 |       0 |       1 | 100.0
            +---------+---------+-------+---------+---------+-------

Illustrated notes

Table legend:
 A = Kills in this place as a percentage of kills in entire the game.
 B = Kills by you in this place as a percentage of kills by you in the entire game.
 C = Kills by friends in this place as a percentage of kills by friends in the entire game.
 D = Other kills in this place as a percentage of other kills in the entire game.
 E = Experience gained in this place as a percentage of experience gained in the entire game.
 F = Experience gained in this place divided by the number of levels of this place that you have seen.
                   A       B       C       D       E      F
               +-------+-------+-------+-------+-------+----------------------
         Total | 100.0 | 100.0 |   N/A |   N/A | 100.0 | 989.1
       Dungeon | 100.0 | 100.0 |   N/A |   N/A | 100.0 | 989.1
               +-------+-------+-------+-------+-------+----------------------

Table legend: (Time is in decaauts)
 A = Elapsed time spent in this place.
 B = Non-inter-level travel time spent in this place.
 C = Inter-level travel time spent in this place.
 D = Time resting spent in this place.
 E = Time spent auto-exploring this place.
 F = Levels seen in this place.
 G = Mean time per level.
                   A        B        C        D        E       F      G
               +--------+--------+--------+--------+--------+-----+--------+
         Total |  10162 |   9818 |    344 |   2062 |   6455 |  10 | 1016.2 |
       Dungeon |  10162 |   9818 |    344 |   2062 |   6455 |  10 | 1016.2 |
               +--------+--------+--------+--------+--------+-----+--------+

Top non-repeatable levels by time:
     D:2: 1717 daAuts
     D:1: 1544 daAuts
     D:4: 1290 daAuts
     D:5: 1262 daAuts
     D:7: 1072 daAuts
     D:9: 945 daAuts
     D:8: 942 daAuts
     D:3: 912 daAuts
     D:6: 457 daAuts
    D:10: 18 daAuts
